AoeStats
← shh_haw

Arabian Desert

510402998Analyzed
1v1 RM · 2d ago on Sep 30, 2026· 17m 36s· 2 players
Game mode
Random Map
Map size
Tiny (2 player)
Population
200
Speed
Normal
Resources
Standard
Victory
Conquest
Starting age
Dark Age
Ending age
Imperial Age
RankedLock teamsTeams togetherTeam positionsShared explorationLock speedFull tech treeHidden civsTurbo modeCheats
Victory
Defeat
🇺🇸 Portuguese · United States
1440
+17
🇫🇷 Vikings · France
1464
-17
shh_haw
7:07 Loom
9:05 Feudal Age
9:18 Man-at-Arms
13:31 Double-Bit Axe
14:30 Fletching
15:58 Padded Archer Armor
16:46 Horse Collar
Cranve
6:26 Loom
9:01 Feudal Age
13:55 Town Watch
13:58 Double-Bit Axe
Connection lost

Rejoining the realm…

Still unreachable

The connection could not be restored.

Session expired

The server has moved on; the page needs a fresh start.